 Dungeon Crawl Stone Soup version 0.30-a0-373-gd37427bb62 (webtiles) character file.

Game seed: 18095368828618970378

2128 Shayle the Conjurer (level 9, -8/68 HPs)
             Began as a Demonspawn Reaver on Nov 24, 2022.
             Was an Initiate of Ashenzari.
             Mangled by a boulder beetle (19 damage)
             ... on level 7 of the Dungeon.
             The game lasted 00:15:42 (6103 turns).

Shayle the Conjurer (Demonspawn Reaver)             Turns: 6103, Time: 00:15:42

Health: -8/68      AC: 15    Str: 13    XL:     9   Next: 8%
Magic:  16/16      EV: 13    Int: 18    God:    Ashenzari [......]
Gold:   251        SH:  0    Dex: 12    Spells: 10/18 levels left

rFire   . . .      SeeInvis .    r - +5 club (spect)
rCold   + . .      Faith    .    (no shield)
rNeg    . . .      Spirit   .    d - +2 leather armour {rC+}
rPois   .          Reflect  .    (helmet restricted)
rElec   .          Harm     .    (no cloak)
rCorr   .          Rampage  .    j - +0 pair of gloves
Will    .....                    (no boots)
Stlth   +.........               (no amulet)
HPRegen 0.31/turn                (no ring)
MPRegen 0.15/turn                (no ring)

@: mighty, brilliant, sanguine armoured
A: antennae 1, ignite blood 1, spiny 2, sanguine armour 2
a: Renounce Religion, Curse Item


You were on level 7 of the Dungeon.
You worshipped Ashenzari.
Ashenzari was noncommittal.
You visited 2 branches of the dungeon, and saw 8 of its levels.

You collected 251 gold pieces.

Inventory:

Hand Weapons
 a - a +0 hand axe
 l - a +1 dagger of venom
 r - a +5 spectral club (weapon)
 w - a +0 long sword
Missiles
 n - 3 silver javelins
Armour
 d - a +2 leather armour of cold resistance (worn)
 j - a +0 pair of gloves (worn)
Wands
 o - a wand of mindburst (9)
Scrolls
 b - a scroll of identify
 c - 2 scrolls of poison
 e - a scroll of amnesia
 f - 2 scrolls of enchant weapon
 g - a scroll of blinking
 k - a scroll of fear
 m - 2 scrolls of summoning
 p - 4 scrolls of vulnerability
 s - a scroll of magic mapping {unknown}
 t - a scroll of teleportation {unknown}
 v - a scroll of enchant armour {unknown}
 x - a scroll of noise {unknown}
Potions
 i - a potion of might
 q - a potion of ambrosia {unknown}
 u - a potion of degeneration {unknown}


   Skills:
 + Level 5.4 Fighting
 + Level 5.4 Axes
 + Level 4.9 Dodging
 + Level 5.0 Spellcasting
 + Level 5.8 Conjurations
 + Level 3.5 Poison Magic


You had 10 spell levels left.
You knew the following spells:

 Your Spells              Type           Power      Damage    Failure   Level
a - Kiss of Death         Conj/Necr      88%        2d12      5%          1
b - Hailstorm             Conj/Ice       22%        3d7       16%         3
c - Olgreb's Toxic Radia  Pois           25%        N/A       36%         4

Your spell library contained the following spells:

 Spells                   Type           Power      Damage    Failure   Level
 Momentum Strike          Conj/Tloc      44%        3d9       8%          2
 Static Discharge         Conj/Air       44%        2-4/arc   8%          2
 Sting                    Tmut/Pois      64%        1d6       9%          1
 Poisonous Vapours        Pois/Air       32%        N/A       12%         2
 Vhi's Electric Charge    Tloc/Air       12%        N/A       45%         3
 Arcjolt                  Conj/Air       11%        1d21      82%         5
 Lightning Bolt           Conj/Air       11%        1d24      82%         5
 Yara's Violent Unravell  Hex/Tmut       3%         3d4       99%         5
 Enfeeble                 Hex            3%         N/A       100%        7


Dungeon Overview and Level Annotations

Branches:
Dungeon (7/15)             Temple (1/1) D:6

Altars:
Ashenzari
Cheibriados
Dithmenos
Fedhas
Hepliaklqana
Makhleb
Qazlal
Ru
Sif Muna
Trog
Vehumet
Xom
Yredelemnul

Shops:
D:1 (**

Annotations:
D:5 Pikel


Innate Abilities, Weirdness & Mutations

You have a pair of small antennae on your head.
Your demonic aura sometimes causes spilled blood to erupt in flames.
You are mostly covered in sharp spines.
When seriously injured, your blood forms thick armour. (AC +9)


Message History

The boulder beetle closely misses you.
You hit the boulder beetle but do no damage.
The boulder beetle is lightly wounded.
Your +5 spectral club hits the boulder beetle.
The boulder beetle bites you!
You hit the boulder beetle but do no damage.
The boulder beetle is lightly wounded.
Your +5 spectral club hits the boulder beetle.
The boulder beetle bites you!
Your blood congeals into armour.
Unknown command.
You see here a +0 trident.
Unknown command.
You hit the boulder beetle.
The boulder beetle is moderately wounded.
The boulder beetle is engulfed in blazing flames.
The boulder beetle bites you.
Unknown command.
You hit the boulder beetle but do no damage.
The boulder beetle is moderately wounded.
The boulder beetle is engulfed in blazing flames.
The boulder beetle bites you!
Unknown command.
You barely miss the boulder beetle.
The boulder beetle is moderately wounded.
The boulder beetle waves its antennae.
The boulder beetle misses you.
The boulder beetle bites you but does no damage.
It was a potion of might.
You feel very mighty all of a sudden. The boulder beetle bites you!
* * * LOW HITPOINT WARNING * * *
You barely miss the boulder beetle.
The boulder beetle is moderately wounded.
The boulder beetle bites you.
* * * LOW HITPOINT WARNING * * *
Unknown command.
It was a potion of brilliance.
You feel clever all of a sudden. The boulder beetle bites you!!
You die...

#.......#.# ##
#.#
....####....#
#.# . ##...####
#.. #.#....# ###
###.####
#.########
#.#......#
#.#.####.#
#.#.B@.#.#
#.#.######.#
#.....'[.#.#
#.#####†#..#.#
#.......#..#.#
#######.######.#
#.......#......#
#.#####.#.######
#......).#


You could see a boulder beetle.

Vanquished Creatures
  A wraith (D:7)
  Eustachio (D:3)
  Menkaure (D:5)
  An orc warrior (D:7)
  2 sky beasts
  A black bear (D:6)
  A phantom (D:4)
  2 scorpions (D:4)
  5 wights (D:6)
  3 killer bees (D:7)
  4 hounds
  5 orc priests
  An iguana (D:4)
  Jessica (D:3)
  5 orc wizards
  Ijyb (D:6)
  7 adders
  A shadow imp (D:6)
  2 white imps
  2 worms
  2 dart slugs
  29 orcs
  6 bats
  6 endoplasms
  3 giant cockroaches (D:2)
  10 goblins
  4 hobgoblins
  2 quokkas
  10 ball pythons
  5 frilled lizards
  7 kobolds
  5 rats
136 creatures vanquished.

Vanquished Creatures (collateral kills)
  Edmund (D:4)
  A ball python (D:4)
2 creatures vanquished.

Grand Total: 138 creatures vanquished

Notes
Turn   | Place    | Note
-------+----------+-------------------------------------------
     0 | D:1      | Shayle the Demonspawn Reaver began the quest for the Orb.
     0 | D:1      | Reached XP level 1. HP: 16/16 MP: 3/3
   412 | D:1      | Gained mutation: When seriously injured, your blood forms
                  | armour. (AC +9) [demonic ancestry]
   412 | D:1      | Reached XP level 2. HP: 22/22 MP: 5/5
   462 | D:1      | Found Ruhun's General Store.
   565 | D:1      | Found Weujidgh's Assorted Antiques.
   575 | D:1      | Found Gezev's Weapon Shoppe.
  1162 | D:2      | Gained mutation: You are partially covered in sharp spines.
                  | [demonic ancestry]
  1162 | D:2      | Reached XP level 3. HP: 20/28 MP: 6/6
  1965 | D:3      | Noticed Jessica
  1976 | D:3      | Killed Jessica
  1977 | D:3      | Gained mutation: You are mostly covered in sharp spines.
                  | [demonic ancestry]
  1977 | D:3      | Reached XP level 4. HP: 26/34 MP: 7/7
  2080 | D:3      | Reached XP level 5. HP: 23/40 MP: 7/9
  2206 | D:3      | Found a snail-covered altar of Cheibriados.
  2921 | D:4      | Noticed a phantom
  2938 | D:4      | Killed a phantom
  2939 | D:4      | Reached XP level 6. HP: 42/47 MP: 10/10
  2966 | D:4      | Noticed Edmund
  2985 | D:4      | Killed Edmund
  3200 | D:4      | Found a broken altar of Ashenzari.
  3211 | D:4      | Became a worshipper of Ashenzari the Shackled
  3451 | D:4      | Gained mutation: When seriously injured, your blood forms
                  | thick armour. (AC +9) [demonic ancestry]
  3451 | D:4      | Reached XP level 7. HP: 27/53 MP: 12/12
  3602 | D:4      | Learned a level 3 spell: Hailstorm
  3607 | D:4      | Learned a level 4 spell: Olgreb's Toxic Radiance
  3755 | D:5      | Entered Level 5 of the Dungeon
  3762 | D:5      | Noticed Eustachio
  3766 | D:5      | Noticed Pikel
  3867 | D:3      | Killed Eustachio
  4103 | D:5      | Noticed Menkaure
  4107 | D:5      | Killed Menkaure
  4108 | D:5      | Reached skill level 1 in Poison Magic
  4390 | D:6      | Reached skill level 5 in Conjurations
  4390 | D:6      | Gained mutation: You have a pair of small antennae on your
                  | head. [demonic ancestry]
  4390 | D:6      | Reached XP level 8. HP: 58/61 MP: 14/14
  4724 | D:5      | Noticed a rust devil
  4724 | D:5      | Noticed a rust devil
  4724 | D:5      | Noticed Ijyb
  4737 | D:6      | Killed Ijyb
  4882 | D:6      | Found a shadowy altar of Dithmenos.
  4897 | D:6      | Found a staircase to the Ecumenical Temple.
  4949 | Temple   | Entered the Ecumenical Temple
  5059 | D:6      | Reached skill level 5 in Axes
  5065 | D:6      | Reached skill level 5 in Fighting
  5177 | D:6      | Found a radiant altar of Vehumet.
  5929 | D:7      | Gained mutation: Your demonic aura sometimes causes spilled
                  | blood to erupt in flames. [demonic ancestry]
  5929 | D:7      | Reached XP level 9. HP: 19/68 MP: 16/16
  5967 | D:7      | Reached skill level 5 in Spellcasting
  6090 | D:7      | Noticed a boulder beetle
  6103 | D:7      | Mangled by a boulder beetle

Illustrated notes

Levels and vault maps discovered:
D:1:      evilmike_arrival_hilbert_curve, layout_basic, serial_shops, shop,
          nicolae_diamond_shop, nicolae_shop_advertising_works
          [nicolae_subvault_shop_adworks], minmay_3d_cube
D:2:      layout_loops_ring
D:3:      layout_basic, cheibrodos_worm_habitat, minmay_crystal_room,
          hangedman_decor_peaks_small, uniq_jessica
D:4:      layout_loops_ring, lemuel_coloured_pillars_altar, uniq_edmund
D:5:      cheibrodos_iron_armory, layout_basic, kennysheep_potato, uniq_ijyb,
          uniq_pikel, uniq_eustachio, uniq_menkaure
D:6:      layout_basic, minmay_temple_entry_antechambers,
          hangedman_feature_mirror
D:7:      layout_basic, mainiacjoe_overflow_six_doors_small, zin_scriptorium,
          minivault_19, hex_intersection, wad_mini_maze, uniq_duvessa
Temple:   jpeg_temple_clearing

Skill      XL: |  1  2  3  4  5  6  7  8  9 |
---------------+----------------------------+-----
Dodging        | 2 3 4 |  4.9
Axes           | 3 4 5 |  5.4
Fighting       | 3 4 5 |  5.4
Spellcasting   | 3 4 5 |  5.0
Conjurations   | 4 5 |  5.8
Poison Magic   | 1 3 |  3.5

Action                   |  1- 3 |  4- 6 |  7- 9 || total
-------------------------+-------+-------+-------++-------
Melee: Hand axe          |   164 |    70 |    91 ||   325
       Punch             |     1 |     1 |     5 ||     7
       Club              |       |       |    68 ||    68
Evoke: Wand              |       |       |     3 ||     3
  Use: Potion            |       |     2 |     2 ||     4
       Scroll            |       |     1 |     8 ||     9
 Stab: Sleeping          |     1 |       |     1 ||     2
Armor: Leather armour    |    68 |    15 |    68 ||   151
Dodge: Dodged            |   126 |    39 |    87 ||   252

Table legend: (Time is in decaauts)
 A = Elapsed time spent in this place.
 B = Non-inter-level travel time spent in this place.
 C = Inter-level travel time spent in this place.
 D = Time resting spent in this place.
 E = Time spent auto-exploring this place.
 F = Levels seen in this place.
 G = Mean time per level.
                   A        B        C        D        E       F      G
               +--------+--------+--------+--------+--------+-----+--------+
         Total |   6210 |   6096 |    114 |    779 |   4012 |   8 |  776.2 |
       Dungeon |   6124 |   6023 |    101 |    779 |   3951 |   7 |  874.9 |
        Temple |     85 |     72 |     13 |      0 |     61 |   1 |   85.0 |
               +--------+--------+--------+--------+--------+-----+--------+

Top non-repeatable levels by time:
     D:6: 1346 daAuts
     D:1: 1155 daAuts
     D:4: 1067 daAuts
     D:3: 975 daAuts
     D:2: 805 daAuts
     D:7: 465 daAuts
     D:5: 308 daAuts
  Temple: 85 daAuts
